 Dungeon Crawl Stone Soup version 0.19.1 (webtiles) character file.

99263 Gargo the Thaumaturge (level 16, 0/86 HPs)
             Began as a Gargoyle Earth Elementalist on Dec 16, 2016.
             Was the Champion of Vehumet.
             Slain by an orc knight
             ... wielding a +0 glaive
              (39 damage)
             ... on level 2 of the Elven Halls.
             The game lasted 03:25:19 (34024 turns).

Gargo the Thaumaturge (GrEE)                       Turns: 34024, Time: 03:25:20

Health: 0/86       AC: 27    Str: 22    XL:     16   Next: 24%
Magic:  2/42       EV: 16    Int: 25    God:    Vehumet [******]
Gold:   1989       SH:  7    Dex: 12    Spells: 4 memorised, 31 levels left

rFire  . . .     SeeInvis .     a - staff of earth
rCold  . . .     Gourm    .     d - +0 troll leather armour
rNeg   + . .     Faith    .     V - +2 buckler {AC+3}
rPois  ∞         Spirit   .     k - +1 helmet "Imaukhin" {rCorr Str+4 Stlth+}
rElec  +         Reflect  .     H - +0 cloak
rCorr  +         Harm     .     u - +1 pair of gloves
MR     +....                    h - +1 pair of boots
Stlth  +++.......               o - amulet of magic regeneration
                                E - ring "Sazoj" {*Contam rPois Str+5 Int+3}
                                g - ring of magical power

@: flying
A: big wings, thin skeletal structure 1, frail 1, negative energy resistance 1,
electricity resistance, unbreathing, petrification resistance, rot immunity, AC
+11
a: Stop Flying, Renounce Religion


You were on level 2 of the Elven Halls.
You worshipped Vehumet.
Vehumet was exalted by your worship.
You were very hungry.

You visited 5 branches of the dungeon, and saw 24 of its levels.
You visited the Abyss 1 time.
You also visited: Labyrinth.

You collected 2055 gold pieces.
You spent 66 gold pieces at shops.

Inventory:

Hand Weapons
 B - a +0 short sword of distortion
 G - a +0 blowgun
Missiles
 m - 60 stones (quivered)
 D - 7 needles of sleeping
Armour
 d - a +0 troll leather armour (worn)
 h - a +1 pair of boots (worn)
 i - a +0 large shield
 k - the +1 helmet "Imaukhin" (worn) {rCorr Str+4 Stlth+}
   (You found it on level 10 of the Dungeon)

   It affects your strength (+4).
   It protects you from acid and corrosion.
   It makes you more stealthy.
 u - a +1 pair of gloves (worn)
 A - a +2 robe of cold resistance
 H - a +0 cloak (worn)
 J - a +1 leather armour of fire resistance
 N - a +0 robe of magic resistance
 O - a +0 pair of boots
 P - a +2 leather armour of fire resistance
 V - a +2 buckler of protection (worn)
Magical Staves
 a - an uncursed staff of earth (weapon)
Jewellery
 f - a +4 ring of evasion {unknown}
 g - a ring of magical power (left hand)
 l - an uncursed ring of protection from magic
 o - an amulet of magic regeneration (around neck)
 r - an uncursed amulet of regeneration
 E - the ring "Sazoj" (right hand) {*Contam rPois Str+5 Int+3}
   (You found it on level 1 of the Elven Halls)

   [ring of intelligence]

   It affects your strength (+5).
   It affects your intelligence (+3).
   It protects you from poison.
   It causes magical contamination when unequipped.
 I - a cursed ring of teleportation {unknown}
Wands
 F - a wand of paralysis (11/24)
 M - a wand of heal wounds (1/9)
Scrolls
 e - 3 scrolls of identify
 p - a scroll of enchant armour
 q - 3 scrolls of teleportation
 w - 2 scrolls of magic mapping
 y - a scroll of fear
 K - a scroll of remove curse
 L - a scroll of blinking
Potions
 n - 3 potions of curing
 s - a potion of haste
 t - a potion of might
 z - a potion of invisibility
 C - a potion of agility
Miscellaneous
 v - a box of beasts
 Q - a lamp of fire
Comestibles
 b - 4 slices of pizza
 c - a beef jerky
 j - a bread ration


   Skills:
 + Level 9.6 Fighting
   Level 5.0(6.7) Maces & Flails
 + Level 7.0(7.8) Staves
 - Level 6.0 Armour
 + Level 8.1 Dodging
 - Level 2.1 Stealth
 - Level 5.0 Shields
 * Level 13.1 Spellcasting
 + Level 10.1 Conjurations
   Level 0.7 Transmutations
 + Level 9.7 Fire Magic
 + Level 12.0 Earth Magic
 + Level 8.2 Evocations


You had 31 spell levels left.
You knew the following spells:

 Your Spells              Type           Power        Failure   Level  Hunger
a - Sandblast             Erth           ######       1%          1    None
b - Lee's Rapid Deconstr  Erth           #######...   1%          5    ###....
e - Flame Tongue          Conj/Fire      #####        1%          1    None
A - Stone Arrow           Conj/Erth      ######       1%          3    None


Dungeon Overview and Level Annotations

Branches:
Dungeon (13/15)            Temple (1/1) D:4            Lair (6/6) D:9
 Shoals (0/4) Lair:2       Spider (0/4) Lair:3        Slime (0/5) Lair:6
    Orc (2/2) D:12            Elf (2/3) Orc:2
 Vaults: D:13-14

Altars:
Ashenzari
Cheibriados
Dithmenos
Elyvilon
Fedhas
Gozag
Hepliaklqana
Kikubaaqudgha
Makhleb
Nemelex Xobeh
Okawaru
Qazlal
Ru
Sif Muna
Trog
Uskayaw
Vehumet
Xom
Yredelemnul
Zin
The Shining One
Beogh
Jiyva

Shops:
D:12 %   Orc:2 ?[:(

Annotations:
Lair:1 exclusion: 2 oklob plants
Lair:6 kraktruk's ghost, journeyman DrAE
Elf:2 5 runed doors


Innate Abilities, Weirdness & Mutations

You are resistant to torment.
Your stone body is resilient. (AC +11)
You are immune to poison.
Your large and strong wings let you fly indefinitely.
You resist negative energy. (rN+)
You are resistant to electric shocks. (rElec)
You can survive without breathing.
You are immune to petrification.
You are immune to rotting.
You have a somewhat thin skeletal structure. (Dex +2, Stealth)
You are frail. (-10% HP)


Message History

You feel your power returning. Vehumet accepts your kill.
You feel your power returning.
You feel a bit more experienced.
The blast of rock fragments hits the orc warrior.
The orc warrior is almost dead.
The blast of rock fragments hits you!
Found a mace.
You hit the orc warrior but do no damage.
You kill the orc warrior!
Vehumet accepts your kill.
You feel your power returning. The orc knight closely misses you.
Casting: Lee's Rapid Deconstruction
Confirm with . or Enter, or press ? or * to list all spells.
Aiming: Stone Arrow
Press: ? - help, Shift-Dir - straight line, f - orc knight
Aim: an orc knight, wielding a glaive and wearing a plate armour (severely wounded, unusually strong)
You feel a surge of power!
The stone arrow hits the orc knight.
The orc knight is almost dead.
The orc knight hits you from afar with a glaive!!!
You die...

##.........##
#...........##
#............# #
#............# #.
#...........>####
#).
#............'...
#.))
#..[..)......####
#)))o##............#
#)))o@.....>......#
######...........##
## ##'.........+#
##. ##.##.......##
##.. ##.######+####
#+..P ### ##.##
##.... ##.###.##
##..... ##.P.#'##
#..P..⌠ ##.....##
##.....


You could see an orc knight and an orc warrior.

Vanquished Creatures
  Rupert (Lair:3)
  Frances (D:12)
  Gastronok (Lair:3)
  2 orc warlords
  Aizul (Elf:1)
  A deep elf annihilator (Elf:2)
  A minotaur (Lab)
  Erolcha (Orc:1)
  A deep elf high priest (Elf:1)
  6 hydras
  Erica (D:11)
  An anaconda (Lair:6)
  5 dancing weapons
  5 ogre magi
  4 orc high priests
  4 deep elf knights
  3 skeletal warriors (D:12)
  9 deep elf archers
  4 hill giants
  Pikel (D:7)
  5 orc knights (Elf:2)
  2 ugly things
  6 orc sorcerers (Orc:2)
  24 deep elf magi
  A wolf spider (Lair:3)
  Maurice (Orc:2)
  2 black mambas
  2 sirens (Lair:2)
  A torpor snail (Lair:5)
  2 centaur skeletons
  3 kobold demonologists (D:12)
  9 spiny frogs
  2 gargoyles (D:12)
  3 rime drakes
  An efreet (Abyss:3)
  6 komodo dragons
  2 trolls (Orc:1)
  2 jumping spiders (Lair:3)
  The ghost of markt42 the Chopper, an amateur HOFi (D:4)
  A merfolk (Lair:2)
  4 polar bears (Lair:6)
  4 hornets
  Prince Ribbit (D:6)
  2 slime creatures (D:12)
  3 two-headed ogres
  21 blink frogs
  10 hippogriffs
  A redback (Lair:3)
  A ynoxinul (Abyss:3)
  A water elemental (Elf:2)
  A small abomination (Abyss:3)
  45 yaks
  2 wyverns
  11 spriggans
  2 fire elementals
  4 hungry ghosts (Lab)
  A steam dragon (D:9)
  Edmund (D:3)
  2 wargs
  2 soldier ants (D:8)
  13 water moccasins
  Duvessa (D:6)
  11 porcupines
  A black bear (D:9)
  A swamp drake (D:9)
  4 slaves (D:7)
  27 orc warriors
  An ice beast (D:11)
  2 sky beasts
  2 phantoms
  An eye of draining (D:13)
  20 wolves
  16 ogres
  2 boggarts
  12 centaurs
  9 crocodiles
  21 bullfrogs
  2 big kobolds
  2 gnoll sergeants
  3 earth elementals
  A wyvern zombie (D:12)
  Dowan (D:6)
  5 scorpions
  9 killer bees
  2 electric eels (Lair:4)
  4 howler monkeys
  9 crimson imps
  A bullfrog zombie (D:6)
  2 jellies
  A quasit (D:11)
  5 hounds
  36 orc wizards
  28 orc priests
  12 iguanas
  5 worker ants
  A killer bee zombie (D:9)
  2 hound skeletons (D:4)
  A worker ant zombie (D:7)
  14 gnolls
  16 adders
  2 howler monkey skeletons
  3 shadow imps
  An adder zombie (D:5)
  An adder skeleton (D:7)
  5 worms
  A dart slug (D:3)
  9 leopard geckos
  90 orcs
  4 giant cockroaches
  6 hobgoblins
  15 jackals
  17 kobolds
  3 quokkas
  2 ball pythons
  7 bats
  3 frilled lizards
  3 goblins (D:3)
  A jackal skeleton (D:4)
  2 leopard gecko skeletons
  5 rats
  A fungus (Lair:6)
  A plant (Lair:1)
736 creatures vanquished.

Vanquished Creatures (collateral kills)
  Louise (Elf:1)
  2 skeletal warriors (D:12)
  A leopard gecko (D:9)
4 creatures vanquished.

Vanquished Creatures (others)
  Fannar (D:10)
  An iguana (D:9)
  An orc wizard (Orc:2)
  A quokka (D:4)
  A bush (Lair:1)
  14 fungi
  7 plants
26 creatures vanquished.

Grand Total: 766 creatures vanquished

Notes
Turn   | Place    | Note
-------+----------+-------------------------------------------
     0 | D:1      | Gargo the Gargoyle Earth Elementalist began the quest for the Orb.
     0 | D:1      | Reached XP level 1. HP: 10/10 MP: 3/3
   341 | D:1      | Reached XP level 2. HP: 15/15 MP: 5/5
   793 | D:2      | Reached XP level 3. HP: 19/19 MP: 7/7
   798 | D:2      | Learned a level 3 spell: Stone Arrow
   876 | D:2      | Reached skill level 3 in Spellcasting
  1092 | D:4      | Noticed Edmund
  1092 | D:4      | Noticed markt42's ghost (amateur HOFi)
  1172 | D:2      | Reached XP level 4. HP: 24/24 MP: 8/8
  2277 | D:4      | Found a staircase to the Ecumenical Temple.
  2288 | Temple   | Entered the Ecumenical Temple
  2325 | Temple   | Became a worshipper of Vehumet
  2413 | D:3      | Reached skill level 1 in Conjurations
  2413 | D:3      | Reached XP level 5. HP: 28/28 MP: 10/10
  2439 | D:3      | Reached skill level 4 in Spellcasting
  2792 | D:3      | HP: 1/28 [howler monkey (6)]
  2794 | D:3      | Gained mutation: You have a somewhat thin skeletal structure. (Dex +2, Stealth) [potion of mutation]
  2794 | D:3      | Gained mutation: You are frail. (-10% HP) [potion of mutation]
  2795 | D:3      | Reached skill level 5 in Earth Magic
  2797 | D:3      | Reached XP level 6. HP: 2/28 MP: 5/12
  3927 | Temple   | Learned a level 5 spell: Lee's Rapid Deconstruction
  4341 | D:3      | Killed Edmund
  4341 | D:3      | Reached skill level 5 in Spellcasting
  4341 | D:3      | Reached XP level 7. HP: 21/32 MP: 0/14
  4779 | D:4      | Reached * piety under Vehumet
  4779 | D:4      | Offered knowledge of Flame Tongue by Vehumet.
  4782 | D:4      | Learned a level 1 spell: Flame Tongue
  4840 | D:5      | Entered Level 5 of the Dungeon
  4977 | D:4      | Found a sacrificial altar of Ru.
  5420 | D:4      | Found a white marble altar of Elyvilon.
  5911 | D:5      | Reached skill level 1 in Fire Magic
  6065 | D:5      | Reached skill level 1 in Fighting
  6203 | D:6      | Reached skill level 1 in Maces & Flails
  6203 | D:6      | Reached XP level 8. HP: 38/38 MP: 16/16
  6286 | D:5      | Found a shattered altar of Ashenzari.
  6424 | D:5      | Reached skill level 1 in Shields
  6629 | D:6      | Noticed Dowan
  6632 | D:6      | Killed Dowan
  6636 | D:6      | Noticed Duvessa
  6641 | D:6      | Killed Duvessa
  6761 | D:6      | Reached skill level 6 in Spellcasting
  6979 | D:7      | Noticed a hippogriff
  6991 | D:7      | Killed a hippogriff
  6991 | D:7      | Reached skill level 1 in Evocations
  7113 | D:6      | Noticed Prince Ribbit
  7113 | D:6      | Reached ** piety under Vehumet
  7120 | D:6      | Killed Prince Ribbit
  7121 | D:6      | Offered knowledge of Freeze by Vehumet.
  7125 | D:6      | Reached XP level 9. HP: 28/44 MP: 2/18
  7888 | D:4      | Killed markt42's ghost
  8277 | D:7      | Noticed Pikel
  8286 | D:7      | Killed Pikel
  8286 | D:7      | Reached skill level 7 in Spellcasting
  8957 | D:8      | Offered knowledge of Ignite Poison by Vehumet.
  9055 | D:8      | Reached skill level 5 in Conjurations
  9068 | D:7      | Reached XP level 10. HP: 30/50 MP: 0/20
  9227 | D:8      | Reached *** piety under Vehumet
  9965 | D:8      | Offered knowledge of Olgreb's Toxic Radiance by Vehumet.
 10318 | D:8      | Found an iron altar of Okawaru.
 10361 | D:8      | Got a twisted shield
 10372 | D:8      | Identified the +3 shield of the Princess {-Cast MR+ rCorr Dex+5} (You found it on level 8 of the Dungeon)
 10625 | D:9      | Noticed a deep elf mage
 10632 | D:9      | Killed a deep elf mage
 10926 | D:10     | Entered Level 10 of the Dungeon
 11382 | D:9      | Found an opulent altar of Gozag.
 11539 | D:9      | Found a bloodstained altar of Trog.
 11619 | D:9      | Found a hide-covered altar of Uskayaw.
 11771 | D:9      | Reached skill level 8 in Spellcasting
 12024 | D:9      | Reached **** piety under Vehumet
 12036 | D:9      | Reached skill level 5 in Shields
 12044 | D:9      | Reached XP level 11. HP: 20/55 MP: 2/23
 12045 | D:9      | Offered knowledge of Dazzling Spray by Vehumet.
 12253 | D:9      | Reached skill level 5 in Fire Magic
 12276 | D:9      | Reached skill level 1 in Armour
 12532 | D:9      | Found a staircase to the Lair.
 12537 | Lair:1   | Entered Level 1 of the Lair of Beasts
 12662 | D:9      | Reached skill level 5 in Fighting
 14200 | Lair:1   | Noticed a six-headed hydra
 14208 | Lair:1   | Killed a six-headed hydra
 14290 | Lair:1   | Noticed an oklob plant
 14682 | Lair:1   | Reached skill level 9 in Spellcasting
 15203 | Lair:1   | Noticed an oklob plant
 15438 | Lair:2   | Reached skill level 5 in Maces & Flails
 15592 | Lair:2   | Reached skill level 5 in Dodging
 15819 | Lair:2   | Reached XP level 12. HP: 61/61 MP: 25/25
 16061 | Lair:2   | Reached skill level 1 in Staves
 16313 | Lair:2   | Reached ***** piety under Vehumet
 16439 | Lair:2   | Offered knowledge of Lightning Bolt by Vehumet.
 16837 | Lair:2   | Found a staircase to the Shoals.
 17372 | Lair:3   | Reached skill level 5 in Evocations
 17471 | Lair:3   | Noticed Gastronok
 17481 | Lair:3   | Killed Gastronok
 17613 | Lair:3   | Reached skill level 10 in Spellcasting
 17713 | Lair:3   | Found a hole to the Spider Nest.
 17991 | Lair:3   | Noticed Rupert
 18006 | Lair:3   | Killed Rupert
 18006 | Lair:3   | Reached XP level 13. HP: 51/68 MP: 8/27
 18167 | Lair:3   | Reached skill level 10 in Earth Magic
 18961 | Lair:6   | Entered Level 6 of the Lair of Beasts
 19660 | Lair:4   | Reached skill level 5 in Armour
 19800 | Lair:5   | Got a bloodstained whip
 19803 | Lair:5   | Identified the cursed +2 whip of Osoghucw {freeze, +Inv rPois rF- Str+5} (You found it on level 5 of the Lair of Beasts)
 20590 | Lair:5   | Found a deep blue altar of Sif Muna.
 21199 | Lair:6   | Found a viscous altar of Jiyva.
 21199 | Lair:6   | Found a staircase to the Slime Pits.
 22067 | Lair:6   | Reached skill level 11 in Spellcasting
 22263 | Lair:6   | Gained mutation: Your large and strong wings let you fly indefinitely. [Gargoyle growth]
 22263 | Lair:6   | Reached XP level 14. HP: 73/73 MP: 29/29
 22271 | Lair:6   | Noticed kraktruk's ghost (journeyman DrAE)
 22605 | Lair:5   | Offered knowledge of Throw Icicle by Vehumet.
 23782 | D:10     | Got a scorched helmet
 23793 | D:10     | Identified the +1 helmet "Imaukhin" {rCorr Str+4 Stlth+} (You found it on level 10 of the Dungeon)
 24027 | D:12     | Reached skill level 5 in Staves
 24585 | D:10     | Noticed Fannar
 24593 | D:10     | Killed Fannar
 25454 | D:12     | Noticed Frances
 25648 | D:11     | Noticed Erica
 25657 | D:11     | Killed Erica
 26134 | D:12     | Found a staircase to the Orcish Mines.
 26149 | D:12     | Offered knowledge of Bolt of Cold by Vehumet.
 26809 | D:12     | Killed Frances
 26998 | D:12     | Found Depric's Food Shoppe.
 27418 | Orc:1    | Entered Level 1 of the Orcish Mines
 27752 | Orc:2    | Entered Level 2 of the Orcish Mines
 27760 | Orc:2    | Found a labyrinth entrance.
 27764 | Lab      | Entered a labyrinth
 28540 | Orc:1    | Noticed Erolcha
 28549 | Orc:1    | Killed Erolcha
 28685 | Orc:1    | Reached XP level 15. HP: 58/80 MP: 12/30
 28687 | Orc:1    | Reached skill level 12 in Spellcasting
 29418 | Orc:2    | Found a staircase to the Elven Halls.
 29451 | Orc:1    | Noticed an orc warlord
 29663 | Orc:2    | Killed an orc warlord
 30087 | Orc:2    | Noticed Maurice
 30093 | Orc:2    | Killed Maurice
 30529 | Orc:2    | Found a radiant altar of Vehumet.
 30551 | Orc:2    | Offered knowledge of Poison Arrow by Vehumet.
 30673 | Orc:2    | Found an ancient bone altar of Kikubaaqudgha.
 30744 | Orc:2    | Found Evos Qoji's Antique Weapon Shoppe.
 30849 | Orc:2    | Found Cenataor's Magic Scroll Shoppe.
 30850 | Orc:2    | Found a roughly hewn altar of Beogh.
 30989 | Orc:2    | Found Dothoz's Book Emporium.
 31004 | Orc:2    | Found Watt's Antique Armour Shoppe.
 31018 | Orc:2    | Bought a scroll of teleportation for 33 gold pieces
 31018 | Orc:2    | Bought a scroll of teleportation for 33 gold pieces
 31746 | Elf:1    | Entered Level 1 of the Elven Halls
 32060 | Elf:1    | Found a deep blue altar of Sif Muna.
 32238 | Elf:1    | Noticed Louise
 32241 | Elf:1    | Cast into level 3 of the Abyss (Louise)
 32340 | Elf:1    | Escaped the Abyss
 32367 | Elf:1    | Killed Louise
 32537 | Elf:1    | Noticed Aizul
 32554 | Elf:1    | Killed Aizul
 33201 | Elf:1    | Got a scintillating copper ring
 33310 | Elf:1    | Identified the ring "Sazoj" {*Contam rPois Str+5 Int+3} (You found it on level 1 of the Elven Halls)
 33721 | Elf:2    | Reached XP level 16. HP: 70/86 MP: 28/32
 33856 | Elf:2    | Found a huge runed gate.
 33856 | Elf:2    | Found a huge runed gate.
 33862 | Elf:2    | Reached skill level 13 in Spellcasting
 33902 | Elf:2    | Found a huge runed gate.
 33903 | Elf:2    | Found a huge runed gate.
 33905 | Elf:2    | Found a huge runed gate.
 34008 | Elf:2    | Reached ****** piety under Vehumet
 34008 | Elf:2    | Offered knowledge of Freezing Cloud by Vehumet.
 34010 | Elf:2    | Reached skill level 10 in Conjurations
 34024 | Elf:2    | Slain by an orc knight

Skill      XL: |  1  2  3  4  5  6  7  8  9 10 11 12 13 14 15 16 |
---------------+-------------------------------------------------+-----
Earth Magic    | 4 5 6 7 8 9 10 11 12 | 12.0
Spellcasting   | 3 4 5 6 7 8 9 10 11 12 13 | 13.1
Conjurations   | 1 2 3 4 5 6 7 8 9 10 | 10.1
Fire Magic     | 1 2 3 4 6 7 8 9 |  9.7
Fighting       | 1 2 3 4 5 6 7 8 9 |  9.6
Maces & Flails | 1 2 3 5 |  5.0
Shields        | 2 4 5 |  5.0
Dodging        | 2 3 4 5 6 7 8 |  8.1
Evocations     | 1 2 3 4 5 6 7 8 |  8.2
Armour         | 3 4 5 6 |  6.0
Staves         | 3 4 5 6 7 |  7.0
Stealth        | |  2.1
Transmutations | |  0.7

Action                   |  1- 3 |  4- 6 |  7- 9 | 10-12 | 13-15 | 16-18 || total
-------------------------+-------+-------+-------+-------+-------+-------++-------
Melee: Unarmed           |     2 |       |       |       |       |       ||     2
       Dagger            |     2 |       |       |       |       |       ||     2
       Short sword       |     3 |     6 |       |       |       |       ||     9
       Flail             |       |       |    15 |       |    10 |       ||    25
       Whip              |       |       |    17 |    32 |       |       ||    49
       Staff             |       |       |       |    43 |    81 |     7 ||   131
       Morningstar       |       |       |       |       |    20 |       ||    20
Throw: Stone             |       |       |       |     1 |       |       ||     1
 Cast: Sandblast         |    70 |    88 |   230 |   304 |   322 |       ||  1014
       Stone Arrow       |       |    11 |    97 |   270 |   673 |    27 ||  1078
       Flame Tongue      |       |       |     1 |    40 |   173 |       ||   214
       Lee's Rapid Decon |       |       |       |     2 |    38 |    13 ||    53
 Abil: Fly               |       |       |       |       |     1 |       ||     1
Evoke: Wand              |       |       |       |    21 |     9 |       ||    30
       Sack of spiders   |       |       |       |     2 |     2 |       ||     4
       Box of beasts     |       |       |       |       |     2 |       ||     2
  Use: Scroll            |     1 |     1 |    10 |     7 |    14 |       ||    33
       Potion            |       |     2 |       |     2 |     3 |       ||     7
 Stab: Sleeping          |     3 |     5 |     8 |     3 |     9 |       ||    28
       Distracted        |       |       |       |       |     1 |       ||     1
       Held in net/web   |       |       |       |       |     1 |       ||     1
  Eat: Chunk             |     1 |     8 |    29 |    27 |    46 |     1 ||   112
       Fruit             |       |     3 |       |       |       |       ||     3
Armor: Robe              |    19 |    29 |    98 |   116 |   124 |       ||   386
       Leather armour    |       |       |       |       |    39 |       ||    39
       Troll leather arm |       |       |       |       |    86 |     7 ||    93
Dodge: Dodged            |    42 |    60 |   144 |   234 |   368 |     8 ||   856
Block: Buckler           |       |       |    18 |    72 |   177 |     2 ||   269
